 Dungeon Sprint DCSS version 0.29-a0-717-g6dac4ea423 (webtiles) character file.

Game seed: 13523527039245123171

8103 rocky1 the Warrior (level 11, -18/204 HPs)
             Began as an Ogre Berserker on June 27, 2022.
             Was the Champion of Trog.
             Demolished by a merfolk impaler
             ... wielding a +0 trident
              (27 damage)
             ... in the Dungeon (Sprint VII: "The Pits").
             The game lasted 00:11:46 (3762 turns).

rocky1 the Warrior (Ogre Berserker)                 Turns: 3762, Time: 00:11:48

Health: -18/204    AC:  3    Str: 27    XL:     11   Next: 25%
Magic:  11/11      EV: 16    Int:  8    God:    Trog [******]
Gold:   12         SH:  0    Dex: 17    Spells: 10/10 levels left

rFire   . . .      SeeInvis .   p - +8 dire flail of Resourcefulness {vorpal, Dex+3}
rCold   . . .      Faith    .   (shield currently unavailable)
rNeg    . . .      Spirit   .   b - +0 animal skin
rPois   .          Reflect  .   (helmet restricted)
rElec   .          Harm     .   (no cloak)
rCorr   .          Rampage  .   (gloves unavailable)
Will    +++..      NoTele   +   (boots unavailable)
Stlth   ..........              (no amulet)
HPRegen 1.44/turn               l - +3 ring of dexterity
MPRegen 0.12/turn               m - +3 ring of dexterity

@: berserking, strong-willed, regenerating, very quick
A: large, unfitting armour, tough skin 1
a: Renounce Religion, Berserk, Trog's Hand, Brothers in Arms


You were in the Dungeon.
You worshipped Trog.
Trog was exalted by your worship.
You visited 1 branch You collected 12 gold pieces.

Inventory:

Hand Weapons
 a - a +2 vorpal war axe
 h - a +6 dire flail
 k - a +1 executioner's axe
 o - a +2 morningstar of protection
 p - the +8 dire flail of Resourcefulness (weapon) {vorpal, Dex+3}
   (Trog gifted it to you in the Dungeon)

   It inflicts extra damage upon your enemies.
   Dex:       It affects your dexterity (+3).
 s - a +5 antimagic great mace
Missiles
 r - a throwing net (quivered)
Armour
 b - a +0 animal skin (worn)
Jewellery
 l - a +3 ring of dexterity (left hand)
 m - a +3 ring of dexterity (right hand)
Wands
 q - a wand of charming (12)
Potions
 c - 5 potions of curing
 d - a potion of heal wounds
 e - a potion of haste
 f - 4 potions of magic
 g - 7 potions of berserk rage
 i - a potion of invisibility
 n - a potion of mutation


   Skills:
 + Level 16.4 Fighting
 + Level 10.2(14.0) Axes
 * Level 14.0(15.1) Maces & Flails
 + Level 8.9 Armour
 + Level 11.7 Dodging
 - Level 0.4 Stealth


You had 10 spell levels left.
You didn't know any spells.
Your spell library was empty.

Dungeon Overview and Level Annotations

Branches:
Dungeon (1/1)

Altars:
Cheibriados
Dithmenos
Elyvilon
Fedhas
Gozag
Hepliaklqana
Makhleb
Nemelex Xobeh
Okawaru
Qazlal
Ru
Sif Muna
Trog
Vehumet
Wu Jian
Xom
Yredelemnul
Zin
The Shining One
Beogh
Jiyva
Lugonu


Innate Abilities, Weirdness & Mutations

You are too large for most types of armour.
You have tough skin. (AC +1)


Message History

Unknown command.
You bludgeon the hellwing!!
You kill the hellwing!
Trog accepts your kill.
Your small abomination hits the elephant but does no damage.
Your life force feels restored.
Your base Maces & Flails skill increases to level 14!
Unknown command.
You sock the elephant!
The elephant is almost dead.
The merfolk barely misses you.
Unknown command.
You barely miss the elephant.
The elephant is almost dead.
Your small abomination hits the merfolk impaler!!
The elephant completely misses you.
The elephant trunk-slaps you but does no damage.
A wind drake comes into view.
Unknown command.
A red film seems to cover your vision as you go berserk!
You feel yourself moving faster!
You feel mighty!
The wind drake hisses angrily.
The merfolk hits you from afar with a +0 trident!
The merfolk impaler hits you with a +0 trident!!
* * * LOW HITPOINT WARNING * * *
Your small abomination hits the merfolk impaler but does no damage.
The elephant barely misses you.
The elephant trunk-slaps you but does no damage.
You miss the merfolk impaler.
The merfolk impaler is moderately wounded.
The merfolk impaler hits you with a +0 trident!!
* * * LOW HITPOINT WARNING * * *
The merfolk misses you.
You impale the merfolk impaler!!
The merfolk impaler is severely wounded.
The elephant tramples you!!
* * * LOW HITPOINT WARNING * * *
You hold your ground!
The elephant completely misses you.
The merfolk impaler hits you with a +0 trident!!
You die...

<...##...##.'...'.# ..... ###
....##..##..##'##..##...# ..#
....##))#..##...##..'...#....
....##.)#..#.....#..#...#..
######..').'.....'..'...'.
######))#..#.....#..#...#
..[[##..#..##...##..'k..#
..[[##..##..##'##..##T..##
...)##...##.'..Y@.##...))#
.!))##....###..m###m..#...#
..))##......#.xm))Ymr###...#
###################### ####


You could see a merfolk impaler, an elephant (ally target), a wind drake (repels
missiles), a merfolk and a friendly small abomination (summoned).

Vanquished Creatures
  2 flayed ghosts (D)
  Maurice (D)
  A black mamba (D)
  A molten gargoyle (D)
  A rime drake (D)
  5 kobold demonologists (D)
  A hellwing (D)
  A guardian mummy (D)
  3 merfolk (D)
  A wraith (D)
  2 vampire mosquitoes (D)
  A redback (D)
  A warg (D)
  A water moccasin (D)
  2 floating eyes (D)
  An orc warrior (D)
  6 wolves (D)
  5 kobold brigands (D)
  A scorpion (D)
  2 wights (D)
  A crimson imp (D)
  A quasit (D)
  An iron imp (D)
  An iguana (D)
  A mummy (D)
  A gnoll (D)
  2 ufetubi (D)
  2 orcs (D)
  2 endoplasms (D)
  4 jackals (D)
  A ball python skeleton (D)
  6 kobolds (D)
  A quokka skeleton (D)
  A quokka zombie (D)
64 creatures vanquished.

Vanquished Creatures (collateral kills)
  A boulder beetle (D)
  An efreet (D)
  A wraith (D)
  A water moccasin (D)
  3 wights (D)
  A mummy (D)
8 creatures vanquished.

Grand Total: 72 creatures vanquished

Notes
Turn   | Place    | Note
-------+----------+-------------------------------------------
     0 | D        | rocky1 the Ogre Berserker began the quest for the Orb.
     0 | D        | Reached XP level 1. HP: 24/24 MP: 1/1
   203 | D        | Noticed a floating eye
   204 | D        | Paralysed by a floating eye for 3 turns
   208 | D        | Paralysed by a floating eye for 3 turns
   213 | D        | Killed a floating eye
   214 | D        | Reached skill level 7 in Fighting
   214 | D        | Reached skill level 5 in Dodging
   214 | D        | Reached XP level 2. HP: 41/41 MP: 2/2
   214 | D        | Reached XP level 3. HP: 48/48 MP: 3/3
   214 | D        | Reached XP level 4. HP: 57/57 MP: 4/4
   420 | D        | Reached ** piety under Trog
   448 | D        | Reached *** piety under Trog
   453 | D        | Reached skill level 8 in Fighting
   662 | D        | Noticed a scorpion
   675 | D        | Killed a scorpion
   675 | D        | Reached **** piety under Trog
   676 | D        | Reached skill level 9 in Fighting
   676 | D        | Reached XP level 5. HP: 67/67 MP: 5/5
   934 | D        | Noticed a kobold brigand
   949 | D        | Noticed a floating eye
   950 | D        | Killed a kobold brigand
   951 | D        | Reached skill level 10 in Fighting
   951 | D        | Reached XP level 6. HP: 58/78 MP: 6/6
   953 | D        | Paralysed by a floating eye for 4 turns
   960 | D        | Paralysed by a floating eye for 3 turns
   967 | D        | Killed a floating eye
   967 | D        | Reached ***** piety under Trog
   968 | D        | Reached skill level 5 in Maces & Flails
   968 | D        | Reached skill level 1 in Armour
  1243 | D        | Noticed a water moccasin
  1255 | D        | Killed a water moccasin
  1256 | D        | Reached skill level 11 in Fighting
  1256 | D        | Reached XP level 7. HP: 29/88 MP: 7/7
  1703 | D        | Noticed a flayed ghost
  1715 | D        | Killed a flayed ghost
  1716 | D        | Reached skill level 12 in Fighting
  1716 | D        | Reached XP level 8. HP: 62/100 MP: 8/8
  2043 | D        | Received a gift from Trog
  2090 | D        | Noticed a wraith
  2090 | D        | Noticed a guardian mummy
  2108 | D        | Killed a wraith
  2109 | D        | Reached skill level 5 in Armour
  2115 | D        | Killed a guardian mummy
  2116 | D        | Reached skill level 13 in Fighting
  2273 | D        | Found a bloodstained altar of Trog.
  2273 | D        | Found a shimmering blue altar of Sif Muna.
  2273 | D        | Found a viscous altar of Jiyva.
  2273 | D        | Found a hazy altar of Hepliaklqana.
  2273 | D        | Found an opulent altar of Gozag.
  2274 | D        | Found a glowing golden altar of the Shining One.
  2274 | D        | Found a glowing silver altar of Zin.
  2274 | D        | Found a basalt altar of Yredelemnul.
  2274 | D        | Found a shimmering altar of Xom.
  2274 | D        | Found an ornate altar of the Wu Jian Council.
  2274 | D        | Found a sacrificial altar of Ru.
  2274 | D        | Found a stormy altar of Qazlal.
  2274 | D        | Found an iron altar of Okawaru.
  2274 | D        | Found a sparkling altar of Nemelex Xobeh.
  2274 | D        | Found a burning altar of Makhleb.
  2274 | D        | Found a blossoming altar of Fedhas.
  2274 | D        | Found a white marble altar of Elyvilon.
  2274 | D        | Found a shadowy altar of Dithmenos.
  2274 | D        | Found a snail-covered altar of Cheibriados.
  2276 | D        | Found a radiant altar of Vehumet.
  2276 | D        | Found a corrupted altar of Lugonu.
  2296 | D        | Noticed a rime drake
  2304 | D        | Killed a rime drake
  2305 | D        | Reached skill level 10 in Maces & Flails
  2305 | D        | Reached XP level 9. HP: 91/110 MP: 9/9
  2330 | D        | Noticed Maurice
  2340 | D        | Killed Maurice
  2340 | D        | Reached ****** piety under Trog
  2345 | D        | Received a gift from Trog
  2506 | D        | Noticed a boulder beetle
  2521 | D        | Reached skill level 14 in Fighting
  2523 | D        | Killed a boulder beetle
  2524 | D        | Reached skill level 10 in Dodging
  2534 | D        | Noticed an efreet
  2535 | D        | Noticed a kobold demonologist
  2537 | D        | Noticed a sixfirhy
  2539 | D        | Reached XP level 10. HP: 21/123 MP: 10/10
  2540 | D        | HP: 6/123 [efreet/bolt of fire (30)]
  2543 | D        | Killed a kobold demonologist
  2543 | D        | Identified the +8 dire flail of Resourcefulness {vorpal,
                  | Dex+3} (Trog gifted it to you in the Dungeon)
  2543 | D        | Received a gift from Trog
  2952 | D        | Noticed a kobold demonologist
  2962 | D        | Reached skill level 15 in Fighting
  2962 | D        | Noticed a kobold demonologist
  2966 | D        | Killed a kobold demonologist
  2971 | D        | Noticed a kobold demonologist
  2974 | D        | Noticed a black mamba
  2976 | D        | Killed a kobold demonologist
  2987 | D        | Killed a kobold demonologist
  2987 | D        | Received a gift from Trog
  3001 | D        | Noticed a flayed ghost
  3005 | D        | Killed a black mamba
  3015 | D        | Received a gift from Trog
  3016 | D        | Noticed a merfolk impaler
  3380 | D        | Killed a flayed ghost
  3381 | D        | Reached skill level 16 in Fighting
  3381 | D        | Reached XP level 11. HP: 135/135 MP: 11/11
  3389 | D        | Received a gift from Trog
  3397 | D        | Reached skill level 10 in Axes
  3734 | D        | Received a gift from Trog
  3753 | D        | HP: 3/134 [hellwing (4)]
  3753 | D        | HP: 1/134 [hellwing (2)]
  3762 | D        | HP: 9/204 [elephant (18)]
  3762 | D        | Demolished by a merfolk impaler

Illustrated notes

Levels and vault maps discovered:
D:        pitsprint [storerooms_1, entrance_room_1, metal_vault_6, armoury_2,
          mini_pit_1, grid_room_1, main_hall_1, silver_pit, the_coven_1,
          the_vestibule_1, steel_vault_5, golden_pit, hallway_of_sentries,
          crystal_vault_1, iron_vault_5, final_vault]

Skill      XL: |  1  2  3  4  5  6  7  8  9 10 11 |
---------------+----------------------------------+-----
Fighting       | 7 9 10 11 12 13 14 16 | 16.4
Axes           | 6 7 8 9 10 | 10.2
Dodging        | 5 6 7 8 9 10 11 | 11.7
Maces & Flails | 3 6 8 10 11 13 14 | 14.0
Armour         | 2 4 5 7 8 |  8.9
Stealth        | |  0.4

Action                   |  1- 3 |  4- 6 |  7- 9 | 10-12 || total
-------------------------+-------+-------+-------+-------++-------
Melee: Hand axe          |     9 |    35 |       |       ||    44
       Flail             |       |    38 |    42 |       ||    80
       Punch             |       |     1 |     1 |       ||     2
       Morningstar       |       |       |    24 |     2 ||    26
       Dire flail        |       |       |       |   107 ||   107
Invok: Berserk           |       |     2 |     4 |     2 ||     8
       Trog's Hand       |       |       |     2 |     3 ||     5
       Brothers in Arms  |       |       |     1 |     1 ||     2
  Use: Potion            |       |     1 |     2 |     8 ||    11
       Scroll            |       |       |       |     2 ||     2
 Stab: Invisible         |       |       |       |     1 ||     1
Armor: Animal skin       |     1 |    34 |     5 |     8 ||    48
Dodge: Dodged            |       |    53 |    22 |   113 ||   188

Table legend: (Time is in decaauts)
 A = Elapsed time spent in this place.
 B = Non-inter-level travel time spent in this place.
 C = Inter-level travel time spent in this place.
 D = Time resting spent in this place.
 E = Time spent auto-exploring this place.
 F = Levels seen in this place.
 G = Mean time per level.
                   A        B        C        D        E       F      G
               +--------+--------+--------+--------+--------+-----+--------+
         Total |   3783 |   3783 |      0 |   2863 |     52 |   1 | 3783.0 |
       Dungeon |   3783 |   3783 |      0 |   2863 |     52 |   1 | 3783.0 |
               +--------+--------+--------+--------+--------+-----+--------+

Top non-repeatable levels by time:
       D: 3783 daAuts
